Map: Ephemeron LE

Players

BackupJ - Winner!

  • Race: Protoss Protoss
  • Spawn Location: 5:00

FoxeR

  • Race: Terran Terran
  • Spawn Location: 11:00

VOD

Have the link to the VOD?

Description

Time

  • Played on: Sept. 6, 2019, 4:11 p.m.
  • Length: 14:40
Show
View Real Time Build Order
Export as new Build Order

BackupJ Protoss - Winner!

Build Orders:  

Get SALT Encoding   

  12  0:00  Probe  
  13  0:12  Probe  
  14  0:17  Pylon  
  14  0:22  Probe  
  15  0:31  Probe  
  16  0:38  Gateway  
  16  0:40  Probe  
  16  0:46  Assimilator  
  17  0:52  Probe  
  18  1:04  Probe  
  19  1:15  Pylon  
  19  1:16  Probe  
  20  1:24  Gateway  
  20  1:27  Cybernetics Core  
  20  1:28  Probe  
  21  1:35  Zealot  
  23  1:40  Probe  
  23  1:43  Assimilator  
  24  1:52  Probe  
  24  1:53  Stalker  
  25  2:01  Stalker  
  25  2:07  Probe  
  28  2:12  Shield Battery  
  30  2:35  Pylon  
  30  2:43  Nexus  
  30  2:49  Probe  
  30  2:50  Warp Gate  
  30  3:01  Probe  
  30  3:03  Robotics Facility  
  31  3:10  Pylon  
  31  3:18  Stalker  
  31  3:28  Probe  
  31  3:29  Stalker  
  36  3:40  Shield Battery, Probe  
  37  3:48  Stalker  
  37  3:54  Immortal  
  38  4:06  Probe  
  38  4:08  Probe  
  44  4:18  Probe  
  44  4:23  Twilight Council  
  45  4:24  Probe  
  46  4:32  Probe  
  46  4:34  Observer  
  46  4:38  Sentry x2  
  52  4:41  Probe  
  52  4:43  Pylon  
  53  4:46  Probe  
  54  4:54  Pylon  
  54  4:58  Probe x2  
  54  5:02  Observer  
  54  5:06  Probe x2  
  57  5:07  Assimilator  
  57  5:09  Assimilator  
  59  5:15  Probe x2  
  61  5:26  Stalker x2  
  61  5:28  Probe x2  
  63  5:36  Observer  
  63  5:40  Probe x2  
  66  5:47  Charge  
  66  5:52  Pylon, Probe x2  
  68  6:00  Robotics Bay  
  68  6:04  Probe x2  
  70  6:16  Probe x2  
  72  6:22  Forge  
  72  6:25  Observer  
  72  6:26  Gateway  
  72  6:28  Probe x2  
  72  6:29  Pylon  
  74  6:36  Colossus  
  74  6:43  Forge  
  74  6:49  Extended Thermal Lance  
  74  6:53  Gateway  
  80  6:54  Protoss Ground Armor Level 1  
  80  7:03  Nexus  
  80  7:04  Pylon  
  80  7:14  Observer, Probe x2  
  82  7:16  Pylon  
  82  7:20  Colossus  
  82  7:22  Protoss Ground Weapons Level 1  
  82  7:23  Stalker  
  82  7:28  Zealot x2  
  88  7:31  Blink  
  88  7:34  Pylon, Probe  
  95  7:37  Probe  
  96  7:46  Probe  
  96  7:47  Sentry  
  96  7:49  Probe  
  96  7:50  Pylon  
  98  7:53  Zealot  
  98  7:56  Zealot  
  103  7:58  Probe  
  103  8:01  Probe  
  102  8:10  Probe  
  99  8:16  Zealot x4  
  103  8:23  Probe  
  102  8:28  Probe  
  92  8:35  Probe x2  
  92  8:37  Zealot x3  
  100  8:43  Probe  
  100  8:46  Shield Battery, Pylon  
  100  8:48  Probe  
  102  8:50  Colossus  
  102  8:51  Shield Battery  
  102  8:56  Photon Cannon, Probe  
  109  9:04  Protoss Ground Armor Level 2  
  109  9:08  Protoss Ground Weapons Level 2  
  107  9:13  Stalker x3  
  107  9:14  Probe x2  
  113  9:22  Probe  
  114  9:30  Probe  
  115  9:34  Probe  
  115  9:36  Probe  
  117  9:40  Assimilator  
  117  9:42  Pylon  
  117  9:43  Assimilator  
  117  9:45  Robotics Facility  
  117  9:47  Disruptor  
  117  9:49  Probe  
  117  9:50  Pylon  
  121  9:54  Zealot x2  
  121  9:56  Probe  
  126  10:01  Stalker x2  
  130  10:08  Gateway  
  130  10:14  Gateway  
  123  10:17  Gateway  
  123  10:18  Gateway  
  123  10:19  Probe  
  124  10:24  Disruptor  
  127  10:31  Probe  
  127  10:34  Zealot  
  127  10:35  Zealot  
  132  10:39  Pylon  
  132  10:47  Disruptor  
  135  10:51  Pylon  
  135  10:54  Templar Archives  
  126  11:20  Disruptor  
  126  11:23  Disruptor, Nexus  
  126  11:25  Pylon  
  132  11:27  Probe x3  
  132  11:32  Protoss Ground Weapons Level 3  
  135  11:39  High Templar x5  
  145  11:40  High Templar  
  145  11:41  High Templar x2  
  145  11:42  Probe x2  
  145  11:43  Archon, Probe  
  145  11:44  Archon x2  
  145  11:45  Archon  
  154  11:54  Probe  
  154  11:55  Shield Battery  
  154  11:58  Probe  
  156  12:11  Stalker x2  
  156  12:12  Stalker x2  
  164  12:29  Disruptor x2  
  170  12:34  Zealot  
  172  12:48  Probe x2  
  172  12:49  Pylon  
  172  12:52  Dark Shrine  
  172  12:56  Zealot x6  
  172  12:57  Zealot x2  
  183  13:26  Stalker x6  
  195  13:29  Colossus  
  195  13:31  Colossus  
  195  13:39  Observer  
  189  13:53  Zealot x3  
  195  13:59  Pylon  
  195  14:01  Pylon  
  187  14:24  Nexus  
  187  14:25  Pylon  
Show
View Real Time Build Order
Export as new Build Order

FoxeR Terran 

Build Orders:  

Get SALT Encoding   

  12  0:00  SCV  
  13  0:13  SCV  
  14  0:18  Supply Depot  
  14  0:25  SCV  
  15  0:41  Barracks  
  15  0:51  Barracks  
  15  0:54  SCV  
  16  1:00  Refinery  
  16  1:06  SCV  
  17  1:12  Refinery  
  17  1:20  SCV  
  18  1:29  Marine  
  20  1:34  Orbital Command  
  19  1:41  Reaper  
  20  1:53  Reaper  
  21  1:56  Supply Depot  
  21  2:12  Bunker  
  20  2:16  Reaper  
  20  2:18  SCV  
  22  2:27  Reaper  
  22  2:30  SCV  
  22  2:33  Factory  
  23  2:43  SCV  
  24  2:47  Supply Depot  
  24  2:50  Reaper  
  25  2:55  SCV  
  26  2:59  Reaper  
  27  3:08  SCV  
  28  3:19  Factory Tech Lab  
  28  3:21  Starport  
  28  3:22  SCV  
  29  3:34  SCV  
  29  3:38  Supply Depot  
  29  3:40  Cyclone  
  33  3:44  Mag-Field Accelerator  
  33  3:46  SCV  
  34  3:58  SCV  
  34  4:00  Viking  
  37  4:16  Command Center  
  37  4:23  Cyclone  
  37  4:24  SCV  
  40  4:34  Supply Depot  
  40  4:36  SCV  
  41  4:48  SCV  
  41  4:50  Starport Tech Lab  
  42  4:52  Barracks Reactor  
  42  4:55  Cyclone  
  45  5:00  SCV  
  45  5:03  Barracks  
  43  5:12  SCV  
  41  5:24  SCV  
  41  5:25  Starport Reactor  
  41  5:29  Marine  
  41  5:30  Siege Tank, Marine  
  41  5:34  Marine  
  45  5:36  SCV  
  45  5:39  Stimpack  
  46  5:45  Orbital Command  
  46  5:48  SCV, Marine  
  46  5:49  Marine  
  49  5:57  Barracks Tech Lab  
  49  6:01  SCV  
  49  6:02  Marine  
  51  6:06  Refinery  
  51  6:12  Marine x2  
  51  6:13  SCV  
  51  6:15  SCV  
  51  6:16  Marine  
  51  6:17  Combat Shield  
  56  6:19  Marine  
  56  6:21  Medivac  
  56  6:25  Supply Depot, SCV  
  60  6:27  SCV  
  60  6:30  Marine  
  62  6:37  SCV  
  62  6:38  Marauder, Refinery  
  62  6:39  Medivac  
  68  6:40  Marine, SCV  
  68  6:44  Supply Depot  
  69  6:49  Supply Depot, SCV  
  69  6:51  Marine  
  69  6:52  Marine  
  69  6:53  SCV  
  73  6:58  Factory Reactor  
  73  7:01  SCV  
  73  7:02  Medivac  
  73  7:06  SCV  
  77  7:11  Marauder  
  77  7:12  Marauder  
  77  7:13  SCV  
  82  7:18  Medivac  
  82  7:19  SCV  
  85  7:22  Supply Depot  
  85  7:25  SCV  
  85  7:29  Engineering Bay  
  86  7:31  SCV  
  86  7:33  Marauder, Marine  
  90  7:37  SCV  
  90  7:39  Marauder  
  90  7:43  SCV  
  94  7:49  SCV  
  95  7:55  SCV  
  87  8:16  Marauder  
  87  8:17  Widow Mine x2  
  85  8:21  Marauder, Concussive Shells  
  85  8:23  Medivac, SCV  
  85  8:24  Command Center  
  89  8:27  Barracks x2  
  82  8:34  Marine x2  
  82  8:35  Medivac  
  82  8:36  SCV x2  
  82  8:38  Marauder  
  87  8:42  Marauder  
  87  8:43  Terran Infantry Weapons Level 1  
  87  8:47  Engineering Bay  
  91  8:48  SCV x2  
  91  8:52  Medivac  
  91  8:53  Widow Mine  
  95  8:59  Marauder  
  95  9:00  Marine  
  98  9:02  Marine  
  98  9:03  Marauder  
  100  9:10  SCV  
  100  9:11  SCV  
  100  9:13  Terran Infantry Armor Level 1  
  100  9:14  Barracks Tech Lab  
  100  9:15  Barracks Reactor  
  100  9:16  Armory  
  102  9:21  Marauder  
  102  9:31  Marine  
  102  9:32  Marauder  
  102  9:35  Supply Depot x2  
  102  9:36  Supply Depot  
  105  9:40  SCV  
  106  9:47  Marauder, Marine x2  
  106  9:49  Viking x2, Marine  
  106  9:50  SCV  
  116  9:56  Starport  
  116  10:00  SCV  
  117  10:10  Marauder  
  117  10:18  Marauder  
  117  10:19  Viking x2, SCV x2  
  117  10:24  Orbital Command  
  115  10:33  Marauder, Marine x2  
  115  10:34  Marauder  
  120  10:40  Marauder  
  120  10:41  Viking  
  120  10:42  Viking  
  126  10:49  Viking x2  
  130  10:52  Terran Infantry Weapons Level 2  
  126  11:11  Viking  
  126  11:16  Marauder  
  126  11:18  Refinery  
  134  11:19  Terran Infantry Armor Level 2, Refinery  
  134  11:20  Supply Depot x2  
  134  11:28  Viking x3  
  134  11:29  SCV  
  134  11:31  SCV  
  134  11:32  SCV  
  139  11:43  Viking  
  141  11:51  Ghost Academy  
  141  11:55  Marine x3  
  141  11:57  Supply Depot, Viking  
  141  11:58  Viking  
  147  12:12  Viking  
  149  12:16  Marauder x3, Marine x2  
  157  12:23  Viking  
  157  12:27  Viking  
  160  12:36  Ghost x2  
  160  12:37  Ghost  
  156  12:42  Marine x2  
  161  12:57  Medivac  
  163  13:05  Ghost x2  
  144  13:20  Marauder, Marine  
  144  13:24  Medivac x2  
  144  13:25  Marine x2  
  148  13:29  Marine  
  148  13:31  Command Center  
  147  13:34  Marauder x2  
  147  13:38  Marine  
  142  13:42  Marauder, Marine, Supply Depot x2  
  141  13:49  Marine x2  
  141  13:55  Medivac x2, Marine  
  148  13:56  Marauder x2, Medivac  
  153  14:03  Marauder  
  153  14:04  Marine  
  151  14:17  Marauder  
Tags
 
Matchup
PvT
Player
FoxeR
Spawn Locations
Cross Positions
Add a new tag
Caveats
  • Supply blocks, unpowered buildings, or Contaminate may cause inaccurate times.
  • Supply counts are checked every 10 seconds.